[ AOE2 MATCH · #463516274 ]
Team RMGurjaras vs Muisca
[ REPLAY ANALYSIS · EXTRACTED FROM THE RECORDED GAME ]
Feudal
10:44
Castle
19:33
Imperial
41:05
| APM avg | 24.0 |
| APM peak | 70 |
| eAPM avg | 13.7 |
| Villagers / military | 164 / 112 |
Focus
⚔️ 20.2% · 🌾 79.8%
Shrivamsha Rider ×54 · Spearman ×38 · Trebuchet (Packed) ×7 · Chakram Thrower ×5 · Camel Scout ×4 · Scout Cavalry ×4
Feudal
13:07
Castle
17:27
Imperial
34:22
| APM avg | 19.0 |
| APM peak | 43 |
| eAPM avg | 14.6 |
| Villagers / military | 177 / 67 |
Focus
⚔️ 21.3% · 🌾 78.7%
Steppe Lancer ×42 · Kipchak ×12 · Trebuchet (Packed) ×6 · Mangonel ×3 · Camel Scout ×2 · Petard ×1
Feudal
11:39
Castle
21:16
Imperial
44:33
| APM avg | 16.7 |
| APM peak | 41 |
| eAPM avg | 11.4 |
| Villagers / military | 94 / 98 |
Focus
⚔️ 24.9% · 🌾 75.1%
Archer ×75 · Skirmisher ×13 · Battering Ram ×6 · Spearman ×4
Feudal
9:50
Castle
23:45
Imperial
42:40
| APM avg | 25.5 |
| APM peak | 58 |
| eAPM avg | 15.0 |
| Villagers / military | 106 / 71 |
Focus
⚔️ 31.3% · 🌾 68.7%
Archer ×29 · Spearman ×25 · Longbowman ×10 · Mangonel ×4 · Battering Ram ×2 · Skirmisher ×1
Feudal
13:28
Castle
18:33
Imperial
38:30
| APM avg | 16.9 |
| APM peak | 43 |
| eAPM avg | 11.3 |
| Villagers / military | 72 / 13 |
Focus
⚔️ 18.1% · 🌾 81.9%
Unknown (2586) ×16 · Unknown (2550) ×13 · Monk ×3 · Petard ×3 · Battering Ram ×3 · Spearman ×2
Feudal
13:02
Castle
24:30
Imperial
—
| APM avg | 20.0 |
| APM peak | 43 |
| eAPM avg | 8.4 |
| Villagers / military | 72 / 74 |
Focus
⚔️ 32.3% · 🌾 67.7%
Knight ×56 · Scout Cavalry ×12 · War Elephant ×6
Feudal
11:00
Castle
25:33
Imperial
—
| APM avg | 26.9 |
| APM peak | 68 |
| eAPM avg | 16.3 |
| Villagers / military | 96 / 49 |
Focus
⚔️ 27.8% · 🌾 72.2%
Spearman ×39 · Unknown (1974) ×24 · Skirmisher ×8 · Archer ×2
Feudal
9:24
Castle
25:43
Imperial
—
| APM avg | 31.5 |
| APM peak | 67 |
| eAPM avg | 15.3 |
| Villagers / military | 83 / 55 |
Focus
⚔️ 27.3% · 🌾 72.7%
Archer ×42 · Skirmisher ×6 · Battering Ram ×6 · Spearman ×1
Match map
Initial resources + every placement click. Lines = walls · curves = elevation contours. ◆ gold · ⬟ stone · ● berries · ✦ relic · ◌ wall gap
Inputs per minute
— flaggy flexi - - mehdiplagie
Build order — flaggy flexi
First 150 of 358 actions detected
| 0:03 | Create | Villager (Male) |
| 0:04 | Create | Villager (Male) |
| 0:04 | Create | Villager (Male) |
| 0:04 | Create | Villager (Male) |
| 0:05 | Create | Villager (Male) |
| 0:07 | Build | House |
| 0:10 | Build | House |
| 1:00 | Build | Mill |
| 2:04 | Create | Villager (Male) |
| 2:05 | Create | Villager (Male) |
| 2:44 | Create | Villager (Male) |
| 2:45 | Create | Villager (Male) |
| 2:45 | Create | Villager (Male) |
| 2:57 | Create | Villager (Male) |
| 2:57 | Create | Villager (Male) |
| 3:15 | Create | Villager (Male) |
| 3:15 | Create | Villager (Male) |
| 3:33 | Create | Villager (Male) |
| 3:33 | Create | Villager (Male) |
| 3:48 | Create | Villager (Male) |
| 3:48 | Create | Villager (Male) |
| 4:15 | Build | House |
| 4:17 | Build | House |
| 4:59 | Create | Villager (Male) |
| 5:00 | Create | Villager (Male) |
| 5:10 | Create | Villager (Male) |
| 5:11 | Create | Villager (Male) |
| 5:12 | Create | Villager (Male) |
| 5:14 | Create | Villager (Male) |
| 5:14 | Create | Villager (Male) |
| 5:15 | Create | Villager (Male) |
| 5:19 | Create | Villager (Male) |
| 5:20 | Create | Villager (Male) |
| 5:20 | Create | Villager (Male) |
| 5:37 | Create | Villager (Male) |
| 5:56 | Create | Villager (Male) |
| 5:57 | Create | Villager (Male) |
| 6:00 | Research | Loom |
| 6:06 | Create | Villager (Male) |
| 6:07 | Create | Villager (Male) |
| 6:25 | Build | Lumber Camp |
| 8:20 | Research | Feudal Age |
| 8:35 | Build | Mining Camp |
| 8:40 | Build | House |
| 8:43 | Build | House |
| 8:50 | Build | House |
| 9:01 | Build | Palisade Gate |
| 9:15 | Build | House |
| 9:17 | Build | House |
| 9:32 | Build | Lumber Camp |
| 10:26 | Create | Villager (Male) |
| 10:26 | Create | Villager (Male) |
| 10:27 | Create | Villager (Male) |
| 10:27 | Create | Villager (Male) |
| 10:44 | Age | Feudal Age |
| 10:51 | Build | Barracks |
| 10:59 | Build | Palisade Wall |
| 11:51 | Build | Building 800 |
| 12:07 | Build | Blacksmith |
| 12:17 | Build | Palisade Gate |
| 12:24 | Build | House |
| 12:25 | Build | House |
| 12:26 | Build | House |
| 12:28 | Build | House |
| 12:35 | Create | Villager (Male) |
| 12:35 | Create | Villager (Male) |
| 12:35 | Create | Villager (Male) |
| 13:05 | Build | Palisade Wall |
| 13:42 | Build | House |
| 13:44 | Build | House |
| 13:45 | Build | House |
| 14:17 | Create | Villager (Male) |
| 14:17 | Create | Villager (Male) |
| 14:18 | Create | Villager (Male) |
| 14:22 | Build | Farm |
| 14:24 | Build | Farm |
| 14:25 | Build | Farm |
| 14:26 | Build | Farm |
| 14:27 | Build | Farm |
| 14:28 | Build | Farm |
| 14:41 | Build | House |
| 14:43 | Build | House |
| 14:53 | Build | Stable |
| 14:55 | Build | Stable |
| 15:24 | Build | Palisade Wall |
| 15:28 | Build | Building 804 |
| 15:34 | Create | Villager (Male) |
| 15:34 | Create | Villager (Male) |
| 15:52 | Build | House |
| 15:53 | Build | House |
| 16:10 | Build | Stable |
| 16:19 | Build | House |
| 16:25 | Build | Palisade Wall |
| 16:29 | Build | Building 804 |
| 16:31 | Create | Villager (Male) |
| 16:53 | Research | Castle Age |
| 16:53 | Research | Castle Age |
| 17:06 | Build | Stable |
| 17:12 | Build | Barracks |
| 17:23 | Build | Barracks |
| 17:29 | Build | Palisade Wall |
| 17:32 | Build | Building 796 |
| 17:50 | Build | Farm |
| 17:53 | Build | Farm |
| 17:56 | Build | Farm |
| 17:56 | Build | Farm |
| 17:58 | Build | Farm |
| 17:59 | Build | Farm |
| 18:03 | Build | Farm |
| 18:05 | Build | Farm |
| 18:06 | Build | Farm |
| 18:08 | Research | Horse Collar |
| 18:27 | Build | Farm |
| 18:30 | Build | Farm |
| 18:50 | Build | House |
| 18:51 | Build | House |
| 19:00 | Create | Camel Scout ×4 |
| 19:06 | Create | Spearman |
| 19:27 | Create | Villager (Male) |
| 19:27 | Create | Villager (Male) |
| 19:28 | Create | Villager (Male) |
| 19:33 | Age | Castle Age |
| 19:42 | Build | Town Center |
| 20:32 | Research | Wheelbarrow |
| 20:43 | Research | Scale Mail Armor |
| 21:33 | Build | Palisade Wall |
| 21:38 | Build | Palisade Wall |
| 21:42 | Create | Villager (Male) |
| 21:42 | Create | Villager (Male) |
| 21:42 | Create | Villager (Male) |
| 21:43 | Create | Villager (Male) |
| 21:43 | Create | Villager (Male) |
| 21:43 | Create | Villager (Male) |
| 21:43 | Create | Villager (Male) |
| 21:44 | Create | Villager (Male) |
| 21:44 | Create | Villager (Male) |
| 22:24 | Research | Scale Barding Armor |
| 22:56 | Build | Lumber Camp |
| 23:21 | Research | Chain Barding Armor |
| 23:22 | Research | Forging |
| 23:24 | Create | Villager (Male) |
| 23:24 | Create | Villager (Male) |
| 23:52 | Create | Villager (Male) |
| 23:52 | Create | Villager (Male) |
| 23:53 | Create | Villager (Male) |
| 23:53 | Create | Villager (Male) |
| 24:15 | Create | Villager (Male) |
| 24:15 | Create | Villager (Male) |
| 24:15 | Create | Villager (Male) |
| 24:16 | Create | Villager (Male) |
Build order — mehdiplagie
First 150 of 373 actions detected
| 0:03 | Research | Loom |
| 0:04 | Create | Villager (Male) |
| 0:04 | Create | Villager (Male) |
| 0:04 | Create | Villager (Male) |
| 0:04 | Create | Villager (Male) |
| 0:06 | Build | House |
| 0:08 | Build | House |
| 1:43 | Create | Villager (Male) |
| 2:10 | Create | Villager (Male) |
| 2:42 | Create | Villager (Male) |
| 3:08 | Create | Villager (Male) |
| 3:08 | Create | Villager (Male) |
| 3:18 | Build | House |
| 3:20 | Build | House |
| 3:22 | Create | Villager (Male) |
| 3:57 | Create | Villager (Male) |
| 3:57 | Create | Villager (Male) |
| 4:20 | Build | Mill |
| 4:28 | Create | Villager (Male) |
| 4:29 | Create | Villager (Male) |
| 4:59 | Build | Lumber Camp |
| 5:07 | Create | Villager (Male) |
| 5:07 | Create | Villager (Male) |
| 5:19 | Create | Villager (Male) |
| 5:19 | Create | Villager (Male) |
| 5:51 | Create | Villager (Male) |
| 5:51 | Create | Villager (Male) |
| 5:54 | Create | Villager (Male) |
| 5:54 | Create | Villager (Male) |
| 6:11 | Create | Villager (Male) |
| 6:11 | Create | Villager (Male) |
| 6:44 | Create | Villager (Male) |
| 6:45 | Create | Villager (Male) |
| 6:51 | Build | House |
| 6:53 | Build | House |
| 7:01 | Create | Villager (Male) |
| 7:01 | Create | Villager (Male) |
| 7:19 | Create | Villager (Male) |
| 7:19 | Create | Villager (Male) |
| 7:30 | Create | Villager (Male) |
| 7:30 | Create | Villager (Male) |
| 7:30 | Create | Villager (Male) |
| 7:37 | Create | Villager (Male) |
| 7:37 | Create | Villager (Male) |
| 7:37 | Create | Villager (Male) |
| 8:26 | Create | Villager (Male) |
| 8:26 | Create | Villager (Male) |
| 9:06 | Create | Villager (Male) |
| 9:06 | Create | Villager (Male) |
| 9:06 | Create | Villager (Male) |
| 9:07 | Create | Villager (Male) |
| 10:24 | Build | Mining Camp |
| 10:30 | Build | Palisade Wall |
| 10:39 | Build | House |
| 10:47 | Build | Farm |
| 10:48 | Build | Farm |
| 10:53 | Research | Feudal Age |
| 11:08 | Build | Farm |
| 11:37 | Build | Farm |
| 11:38 | Build | Farm |
| 11:39 | Build | Farm |
| 11:42 | Build | Farm |
| 11:45 | Build | Farm |
| 11:47 | Create | Villager (Male) |
| 11:47 | Create | Villager (Male) |
| 11:48 | Create | Villager (Male) |
| 11:59 | Create | Villager (Male) |
| 12:29 | Create | Villager (Male) |
| 12:29 | Create | Villager (Male) |
| 13:07 | Age | Feudal Age |
| 13:10 | Build | Market |
| 13:13 | Create | Villager (Male) |
| 13:13 | Create | Villager (Male) |
| 13:50 | Build | Blacksmith |
| 13:54 | Create | Villager (Male) |
| 14:28 | Research | Castle Age |
| 14:38 | Build | Barracks |
| 14:46 | Research | Gold Mining |
| 14:57 | Research | Double-Bit Axe |
| 14:59 | Research | Gold Mining |
| 15:46 | Build | Stable |
| 16:25 | Create | Villager (Male) |
| 16:25 | Create | Villager (Male) |
| 16:31 | Research | Horse Collar |
| 16:50 | Research | Bloodlines |
| 17:17 | Create | Villager (Male) |
| 17:27 | Age | Castle Age |
| 17:29 | Build | Town Center |
| 17:35 | Create | Villager (Male) |
| 17:37 | Research | Bow Saw |
| 17:50 | Build | Town Center |
| 17:52 | Create | Villager (Male) |
| 18:05 | Build | Stable |
| 18:15 | Create | Steppe Lancer |
| 18:16 | Create | Steppe Lancer |
| 18:36 | Build | Farm |
| 18:37 | Build | Farm |
| 18:38 | Build | Farm |
| 19:01 | Create | Villager (Male) |
| 19:11 | Build | Farm |
| 19:11 | Build | Farm |
| 19:12 | Build | Farm |
| 19:15 | Build | Farm |
| 19:19 | Build | Farm |
| 19:26 | Research | Scale Barding Armor |
| 19:41 | Create | Steppe Lancer |
| 19:42 | Create | Steppe Lancer |
| 19:52 | Build | Farm |
| 20:15 | Build | Siege Workshop |
| 20:17 | Create | Villager (Male) |
| 20:18 | Create | Villager (Male) |
| 20:18 | Create | Villager (Male) |
| 20:19 | Create | Villager (Male) |
| 21:02 | Create | Villager (Male) |
| 21:03 | Create | Villager (Male) |
| 21:04 | Create | Villager (Male) |
| 21:05 | Create | Villager (Male) |
| 21:05 | Create | Villager (Male) |
| 21:28 | Create | Battering Ram |
| 21:44 | Create | Villager (Male) |
| 21:45 | Create | Villager (Male) |
| 21:46 | Create | Villager (Male) |
| 21:53 | Build | Farm |
| 21:55 | Build | Farm |
| 21:56 | Build | Farm |
| 21:57 | Build | Farm |
| 22:07 | Build | House |
| 22:09 | Build | House |
| 22:10 | Build | House |
| 22:11 | Build | House |
| 22:15 | Create | Villager (Male) |
| 22:16 | Create | Villager (Male) |
| 22:17 | Create | Villager (Male) |
| 22:17 | Create | Villager (Male) |
| 22:18 | Create | Villager (Male) |
| 22:38 | Create | Villager (Male) |
| 22:39 | Create | Villager (Male) |
| 22:42 | Build | Farm |
| 22:58 | Build | House |
| 23:00 | Build | House |
| 23:04 | Create | Villager (Male) |
| 23:05 | Create | Villager (Male) |
| 23:06 | Create | Villager (Male) |
| 23:17 | Build | Lumber Camp |
| 23:24 | Build | Farm |
| 23:25 | Build | Farm |
| 23:59 | Create | Villager (Male) |
| 24:00 | Create | Villager (Male) |
| 24:01 | Create | Villager (Male) |
| 24:01 | Create | Villager (Male) |
Build order — GRANATEN GERDL
First 150 of 305 actions detected
| 0:02 | Research | Loom |
| 0:03 | Create | Villager (Male) |
| 0:03 | Create | Villager (Male) |
| 0:03 | Create | Villager (Male) |
| 0:04 | Create | Villager (Male) |
| 0:15 | Build | House |
| 0:16 | Build | House |
| 2:10 | Create | Villager (Male) |
| 2:19 | Build | Lumber Camp |
| 2:21 | Create | Villager (Male) |
| 2:21 | Create | Villager (Male) |
| 3:09 | Create | Villager (Male) |
| 3:28 | Create | Villager (Male) |
| 4:05 | Create | Villager (Male) |
| 4:07 | Build | House |
| 4:10 | Build | House |
| 4:58 | Create | Villager (Male) |
| 4:59 | Create | Villager (Male) |
| 4:59 | Create | Villager (Male) |
| 5:19 | Build | Mill |
| 6:17 | Create | Villager (Male) |
| 6:18 | Create | Villager (Male) |
| 6:46 | Create | Villager (Male) |
| 6:46 | Create | Villager (Male) |
| 7:49 | Create | Villager (Male) |
| 7:49 | Create | Villager (Male) |
| 7:57 | Create | Villager (Male) |
| 7:57 | Create | Villager (Male) |
| 9:28 | Research | Feudal Age |
| 9:34 | Build | Lumber Camp |
| 9:52 | Build | House |
| 10:01 | Build | Palisade Wall |
| 10:10 | Build | Barracks |
| 10:15 | Build | House |
| 10:20 | Build | Mining Camp |
| 10:29 | Build | Mining Camp |
| 10:39 | Build | Farm |
| 11:01 | Build | Outpost |
| 11:06 | Build | Palisade Wall |
| 11:35 | Build | Palisade Wall |
| 11:39 | Age | Feudal Age |
| 11:39 | Create | Villager (Male) |
| 11:39 | Create | Villager (Male) |
| 11:44 | Research | Town Watch |
| 11:55 | Build | Palisade Wall |
| 12:40 | Build | Archery Range |
| 12:53 | Research | Double-Bit Axe |
| 12:54 | Create | Villager (Male) |
| 12:55 | Create | Villager (Male) |
| 12:57 | Research | Horse Collar |
| 13:08 | Create | Spearman |
| 13:24 | Build | Blacksmith |
| 13:32 | Build | Farm |
| 13:34 | Create | Villager (Male) |
| 13:34 | Create | Villager (Male) |
| 13:46 | Build | Farm |
| 13:58 | Build | Building 804 |
| 14:02 | Build | Palisade Wall |
| 14:08 | Build | House |
| 14:11 | Build | House |
| 14:16 | Build | Farm |
| 14:33 | Create | Villager (Male) |
| 14:33 | Create | Villager (Male) |
| 14:38 | Build | Farm |
| 14:49 | Build | Farm |
| 14:59 | Build | Palisade Wall |
| 15:02 | Create | Villager (Male) |
| 15:02 | Create | Villager (Male) |
| 15:13 | Build | Farm |
| 15:21 | Create | Villager (Male) |
| 15:41 | Build | Farm |
| 16:00 | Build | Palisade Wall |
| 16:03 | Create | Villager (Male) |
| 16:08 | Build | Farm |
| 16:24 | Build | Farm |
| 16:42 | Build | Farm |
| 16:48 | Build | Farm |
| 17:05 | Build | Farm |
| 17:16 | Build | Farm |
| 17:30 | Build | Farm |
| 17:53 | Build | Palisade Wall |
| 17:59 | Build | Farm |
| 18:04 | Build | Farm |
| 18:11 | Build | Farm |
| 18:21 | Build | Farm |
| 18:36 | Research | Castle Age |
| 19:40 | Build | Archery Range |
| 19:50 | Build | Mill |
| 19:59 | Build | Farm |
| 20:04 | Build | Farm |
| 20:08 | Build | Farm |
| 20:23 | Build | Palisade Wall |
| 20:48 | Build | Palisade Wall |
| 21:01 | Create | Skirmisher |
| 21:01 | Create | Skirmisher |
| 21:02 | Create | Skirmisher |
| 21:02 | Create | Skirmisher |
| 21:13 | Build | Building 673 |
| 21:16 | Age | Castle Age |
| 21:33 | Create | Villager (Male) |
| 21:33 | Create | Villager (Male) |
| 21:33 | Create | Villager (Male) |
| 21:36 | Research | Bow Saw |
| 21:46 | Research | Crossbowman (upgrade) |
| 21:48 | Create | Archer |
| 21:48 | Create | Archer |
| 21:57 | Research | Padded Archer Armor |
| 22:15 | Build | Building 490 |
| 22:31 | Build | Building 490 |
| 22:38 | Build | Stone Wall |
| 22:44 | Build | Stone Wall |
| 22:46 | Create | Villager (Male) |
| 22:46 | Create | Villager (Male) |
| 22:55 | Build | Stone Wall |
| 22:58 | Build | Stone Wall |
| 23:01 | Research | Heavy Plow |
| 23:16 | Build | Market |
| 23:41 | Research | Elite Skirmisher (upgrade) |
| 23:44 | Create | Skirmisher |
| 23:44 | Create | Skirmisher |
| 23:44 | Create | Skirmisher |
| 23:45 | Create | Skirmisher |
| 23:53 | Research | Wheelbarrow |
| 24:41 | Create | Villager (Male) |
| 24:41 | Create | Villager (Male) |
| 24:41 | Create | Villager (Male) |
| 24:53 | Build | Town Center |
| 25:10 | Build | Lumber Camp |
| 25:31 | Build | Stone Wall |
| 25:42 | Build | House |
| 25:44 | Build | House |
| 25:46 | Build | House |
| 25:47 | Build | House |
| 25:50 | Build | House |
| 25:51 | Build | House |
| 25:52 | Build | House |
| 25:57 | Research | Hand Cart |
| 26:16 | Research | Fletching |
| 26:16 | Research | Leather Archer Armor |
| 26:52 | Build | Siege Workshop |
| 26:56 | Create | Villager (Male) |
| 26:57 | Create | Villager (Male) |
| 26:57 | Create | Villager (Male) |
| 27:13 | Build | Archery Range |
| 27:14 | Build | Barracks |
| 27:33 | Create | Villager (Male) |
| 27:33 | Create | Villager (Male) |
| 27:43 | Create | Villager (Male) |
| 27:43 | Create | Villager (Male) |
| 27:43 | Create | Villager (Male) |
Build order — RiKa
First 150 of 287 actions detected
| 0:01 | Create | Villager (Male) ×4 |
| 0:03 | Build | House |
| 0:06 | Build | House |
| 1:21 | Create | Villager (Male) |
| 1:21 | Create | Villager (Male) |
| 1:43 | Create | Villager (Male) |
| 1:43 | Create | Villager (Male) |
| 2:05 | Create | Villager (Male) |
| 2:05 | Create | Villager (Male) |
| 2:28 | Create | Villager (Male) |
| 3:18 | Build | House |
| 3:26 | Create | Villager (Male) |
| 3:27 | Create | Villager (Male) |
| 3:30 | Create | Villager (Male) |
| 3:30 | Create | Villager (Male) |
| 3:30 | Create | Villager (Male) |
| 3:56 | Build | House |
| 4:03 | Build | Mill |
| 4:32 | Create | Villager (Male) |
| 4:32 | Create | Villager (Male) |
| 4:33 | Create | Villager (Male) |
| 4:33 | Create | Villager (Male) |
| 6:09 | Create | Villager (Male) |
| 6:12 | Research | Loom |
| 6:31 | Create | Villager (Male) |
| 6:54 | Build | Lumber Camp |
| 7:05 | Create | Villager (Male) |
| 7:40 | Research | Feudal Age |
| 8:14 | Create | Villager (Male) |
| 8:16 | Create | Villager (Male) |
| 8:30 | Build | Barracks |
| 8:53 | Create | Villager (Male) |
| 9:15 | Build | House |
| 9:50 | Age | Feudal Age |
| 11:01 | Create | Villager (Male) |
| 11:13 | Create | Villager (Male) |
| 11:24 | Build | Archery Range |
| 11:27 | Build | Archery Range |
| 11:37 | Build | Blacksmith |
| 11:49 | Create | Villager (Male) |
| 11:49 | Create | Villager (Male) |
| 12:08 | Create | Villager (Male) |
| 12:08 | Create | Villager (Male) |
| 12:09 | Create | Villager (Male) |
| 12:13 | Research | Double-Bit Axe |
| 12:14 | Create | Archer |
| 12:15 | Create | Archer |
| 12:20 | Build | Mining Camp |
| 13:15 | Build | House |
| 13:23 | Build | House |
| 13:29 | Build | House |
| 13:35 | Build | House |
| 13:42 | Create | Villager (Male) |
| 13:51 | Create | Skirmisher |
| 14:09 | Create | Archer |
| 14:26 | Build | Archery Range |
| 14:45 | Create | Villager (Male) |
| 14:46 | Create | Villager (Male) |
| 14:52 | Build | House |
| 15:00 | Create | Archer |
| 15:11 | Create | Archer |
| 15:11 | Create | Archer |
| 15:27 | Create | Archer |
| 15:27 | Create | Archer |
| 15:37 | Create | Villager (Male) |
| 15:37 | Create | Villager (Male) |
| 15:49 | Create | Villager (Male) |
| 15:53 | Build | Farm |
| 15:54 | Build | Farm |
| 16:05 | Build | Farm |
| 16:07 | Build | Farm |
| 16:09 | Build | Farm |
| 16:13 | Build | Farm |
| 16:14 | Build | Farm |
| 16:16 | Create | Villager (Male) |
| 16:24 | Create | Archer |
| 16:24 | Create | Archer |
| 17:13 | Create | Villager (Male) |
| 17:14 | Create | Villager (Male) |
| 17:20 | Build | Farm |
| 17:22 | Build | Farm |
| 17:33 | Build | Farm |
| 17:34 | Build | Farm |
| 17:35 | Build | Farm |
| 17:36 | Build | Farm |
| 17:40 | Build | Farm |
| 17:41 | Build | Farm |
| 17:49 | Build | Farm |
| 17:54 | Create | Archer |
| 17:55 | Create | Archer |
| 17:57 | Create | Villager (Male) |
| 17:57 | Create | Villager (Male) |
| 18:02 | Create | Villager (Male) |
| 18:16 | Build | Farm |
| 18:27 | Build | Farm |
| 19:12 | Create | Villager (Male) |
| 19:16 | Create | Villager (Male) |
| 19:20 | Build | Farm |
| 19:23 | Build | Farm |
| 19:25 | Research | Fletching |
| 19:29 | Create | Archer |
| 19:29 | Create | Archer |
| 19:54 | Research | Town Watch |
| 19:58 | Research | Padded Archer Armor |
| 20:02 | Build | Farm |
| 20:06 | Build | Farm |
| 20:09 | Build | House |
| 20:10 | Build | House |
| 20:11 | Build | House |
| 20:16 | Build | House |
| 20:55 | Create | Villager (Male) |
| 20:56 | Create | Villager (Male) |
| 21:00 | Research | Castle Age |
| 21:08 | Research | Town Watch |
| 21:19 | Build | Mining Camp |
| 22:30 | Create | Archer |
| 22:30 | Create | Archer |
| 22:30 | Create | Archer |
| 23:10 | Research | Wheelbarrow |
| 23:22 | Research | Stone Mining |
| 23:45 | Age | Castle Age |
| 23:54 | Build | Town Center |
| 24:06 | Research | Crossbowman (upgrade) |
| 25:55 | Create | Archer |
| 25:55 | Create | Archer |
| 25:55 | Create | Archer |
| 26:35 | Create | Spearman |
| 26:35 | Create | Spearman |
| 26:35 | Create | Spearman |
| 27:45 | Build | Lumber Camp |
| 27:49 | Research | Town Patrol |
| 27:54 | Research | Pikeman (upgrade) |
| 27:55 | Create | Spearman |
| 27:55 | Create | Spearman |
| 27:57 | Create | Villager (Male) |
| 27:57 | Create | Villager (Male) |
| 27:59 | Create | Villager (Male) |
| 27:59 | Create | Villager (Male) |
| 28:03 | Create | Villager (Male) |
| 28:05 | Create | Villager (Male) |
| 28:09 | Create | Villager (Male) |
| 28:21 | Research | Bow Saw |
| 28:49 | Create | Spearman |
| 28:49 | Create | Spearman |
| 28:59 | Create | Spearman |
| 29:00 | Create | Spearman |
| 29:17 | Create | Spearman |
| 29:21 | Create | Villager (Male) |
| 29:21 | Create | Villager (Male) |
| 29:22 | Create | Villager (Male) |
Build order — Runner
First 150 of 217 actions detected
| 0:02 | Create | Villager (Male) |
| 0:03 | Create | Villager (Male) |
| 0:03 | Create | Villager (Male) |
| 0:03 | Create | Villager (Male) |
| 0:08 | Build | House |
| 0:08 | Build | House |
| 0:10 | Build | House |
| 0:11 | Build | House |
| 0:12 | Build | House |
| 0:59 | Research | Loom |
| 2:13 | Create | Villager (Male) |
| 2:32 | Build | Settlement |
| 2:43 | Create | Villager (Male) |
| 2:43 | Create | Villager (Male) |
| 3:05 | Create | Villager (Male) |
| 3:46 | Create | Villager (Male) |
| 4:38 | Create | Villager (Male) |
| 4:38 | Create | Villager (Male) |
| 5:05 | Create | Villager (Male) |
| 5:40 | Create | Villager (Male) |
| 5:40 | Create | Villager (Male) |
| 5:57 | Create | Villager (Male) |
| 6:23 | Create | Villager (Male) |
| 6:23 | Create | Villager (Male) |
| 6:35 | Build | Settlement |
| 6:41 | Create | Villager (Male) |
| 7:00 | Create | Villager (Male) |
| 7:30 | Create | Villager (Male) |
| 7:30 | Create | Villager (Male) |
| 7:53 | Create | Villager (Male) |
| 7:54 | Create | Villager (Male) |
| 7:54 | Create | Villager (Male) |
| 8:13 | Create | Villager (Male) |
| 8:36 | Build | Settlement |
| 10:14 | Build | Barracks |
| 10:18 | Build | House |
| 10:32 | Research | Feudal Age |
| 13:28 | Age | Feudal Age |
| 13:36 | Build | Market |
| 13:56 | Build | Archery Range |
| 14:08 | Build | Farm |
| 14:10 | Build | Farm |
| 14:11 | Build | Farm |
| 14:12 | Build | Farm |
| 14:13 | Build | Farm |
| 14:14 | Build | Farm |
| 14:15 | Build | Farm |
| 14:17 | Build | Farm |
| 15:53 | Research | Castle Age |
| 15:58 | Build | House |
| 15:58 | Build | House |
| 16:02 | Create | Skirmisher |
| 16:47 | Research | Double-Bit Axe |
| 17:02 | Build | House |
| 17:02 | Build | House |
| 17:03 | Build | House |
| 17:39 | Build | Farm |
| 17:43 | Research | Horse Collar |
| 18:33 | Age | Castle Age |
| 18:38 | Build | Town Center |
| 18:47 | Research | Tech 1402 |
| 18:58 | Build | Blacksmith |
| 19:03 | Research | Bow Saw |
| 19:54 | Create | Unit 2550 |
| 19:54 | Create | Unit 2550 |
| 20:02 | Create | Spearman |
| 20:02 | Create | Spearman |
| 20:16 | Build | Siege Workshop |
| 20:47 | Research | Scale Mail Armor |
| 21:01 | Build | Farm |
| 21:02 | Build | Farm |
| 21:02 | Build | Farm |
| 21:02 | Build | Farm |
| 21:03 | Build | Farm |
| 21:03 | Build | Farm |
| 21:04 | Build | Farm |
| 21:04 | Build | Farm |
| 21:05 | Build | Farm |
| 21:10 | Create | Villager (Male) |
| 22:25 | Create | Unit 2550 |
| 23:02 | Create | Villager (Male) |
| 23:02 | Create | Villager (Male) |
| 23:04 | Create | Villager (Male) |
| 23:04 | Create | Villager (Male) |
| 23:04 | Create | Villager (Male) |
| 23:34 | Create | Villager (Male) |
| 23:35 | Create | Villager (Male) |
| 23:35 | Create | Villager (Male) |
| 23:45 | Build | Farm |
| 24:25 | Build | Castle |
| 25:23 | Research | Wheelbarrow |
| 25:27 | Create | Villager (Male) |
| 25:27 | Create | Villager (Male) |
| 25:27 | Create | Villager (Male) |
| 25:28 | Create | Villager (Male) |
| 25:34 | Create | Unit 2586 |
| 25:34 | Create | Unit 2586 |
| 26:07 | Build | Settlement |
| 26:19 | Create | Unit 2586 |
| 27:12 | Create | Villager (Male) |
| 27:12 | Create | Villager (Male) |
| 27:13 | Create | Villager (Male) |
| 27:13 | Create | Villager (Male) |
| 27:13 | Create | Villager (Male) |
| 27:32 | Create | Petard |
| 27:32 | Create | Petard |
| 27:32 | Create | Petard |
| 27:38 | Create | Battering Ram |
| 28:00 | Research | Squires |
| 28:03 | Create | Villager (Male) |
| 28:03 | Create | Villager (Male) |
| 28:03 | Create | Villager (Male) |
| 28:12 | Build | Farm |
| 28:13 | Build | Farm |
| 28:13 | Build | Farm |
| 28:14 | Build | Farm |
| 28:14 | Build | Farm |
| 28:14 | Build | Farm |
| 28:15 | Build | Farm |
| 28:15 | Build | Farm |
| 28:15 | Build | Farm |
| 28:18 | Build | Farm |
| 29:13 | Create | Battering Ram |
| 29:26 | Research | Heavy Plow |
| 29:30 | Research | Tech 1351 |
| 30:00 | Create | Villager (Male) |
| 30:04 | Research | Hand Cart |
| 30:17 | Research | Fletching |
| 30:37 | Create | Battering Ram |
| 30:42 | Create | Unit 2562 |
| 30:54 | Create | Mangonel |
| 31:01 | Create | Villager (Male) |
| 31:01 | Create | Villager (Male) |
| 31:02 | Create | Villager (Male) |
| 31:02 | Create | Villager (Male) |
| 31:02 | Create | Villager (Male) |
| 32:27 | Create | Unit 2586 |
| 32:27 | Create | Unit 2586 |
| 32:28 | Create | Unit 2586 |
| 32:28 | Create | Unit 2586 |
| 32:28 | Create | Unit 2586 |
| 32:28 | Create | Unit 2586 |
| 33:54 | Create | Villager (Male) |
| 33:54 | Create | Villager (Male) |
| 33:54 | Create | Villager (Male) |
| 33:55 | Create | Villager (Male) |
| 34:00 | Create | Villager (Male) |
| 34:00 | Create | Villager (Male) |
| 34:01 | Create | Villager (Male) |
| 34:12 | Build | House |
Build order — Bazooka Bäda
First 150 of 250 actions detected
| 0:03 | Build | House |
| 0:13 | Create | Villager (Male) |
| 0:13 | Create | Villager (Male) |
| 0:14 | Create | Villager (Male) |
| 0:14 | Create | Villager (Male) |
| 0:14 | Create | Villager (Male) |
| 0:40 | Build | House |
| 1:18 | Build | Lumber Camp |
| 1:21 | Create | Villager (Male) |
| 2:30 | Create | Villager (Male) |
| 2:30 | Create | Villager (Male) |
| 3:48 | Build | House |
| 4:21 | Create | Villager (Male) |
| 4:21 | Create | Villager (Male) |
| 5:29 | Create | Villager (Male) |
| 6:12 | Create | Villager (Male) |
| 6:17 | Create | Villager (Male) |
| 6:19 | Create | Villager (Male) |
| 6:19 | Create | Villager (Male) |
| 6:20 | Create | Villager (Male) |
| 6:30 | Build | House |
| 7:05 | Create | Villager (Male) |
| 7:05 | Create | Villager (Male) |
| 7:09 | Build | House |
| 7:35 | Create | Villager (Male) |
| 7:50 | Build | Mill |
| 8:03 | Create | Villager (Male) |
| 8:51 | Create | Villager (Male) |
| 8:51 | Create | Villager (Male) |
| 8:52 | Create | Villager (Male) |
| 8:52 | Create | Villager (Male) |
| 9:07 | Build | House |
| 9:18 | Create | Villager (Male) |
| 9:19 | Create | Villager (Male) |
| 9:40 | Create | Villager (Male) |
| 9:41 | Create | Villager (Male) |
| 9:41 | Create | Villager (Male) |
| 10:36 | Build | House |
| 10:58 | Research | Feudal Age |
| 11:19 | Build | Palisade Wall |
| 11:22 | Build | Palisade Wall |
| 11:29 | Build | Palisade Wall |
| 11:32 | Build | Palisade Wall |
| 11:40 | Build | Palisade Wall |
| 11:56 | Build | Lumber Camp |
| 12:56 | Build | Mining Camp |
| 13:02 | Age | Feudal Age |
| 13:20 | Research | Wheelbarrow |
| 13:22 | Research | Loom |
| 13:26 | Research | Horse Collar |
| 13:28 | Research | Double-Bit Axe |
| 13:35 | Create | Villager (Male) |
| 13:35 | Create | Villager (Male) |
| 13:35 | Create | Villager (Male) |
| 13:36 | Create | Villager (Male) |
| 13:36 | Create | Villager (Male) |
| 13:36 | Create | Villager (Male) |
| 13:36 | Create | Villager (Male) |
| 13:37 | Create | Villager (Male) |
| 13:37 | Create | Villager (Male) |
| 13:54 | Build | Barracks |
| 14:24 | Build | Farm |
| 14:25 | Build | Farm |
| 14:27 | Build | Farm |
| 14:42 | Build | Farm |
| 14:47 | Build | Farm |
| 15:12 | Build | Farm |
| 15:32 | Build | Farm |
| 15:45 | Build | Farm |
| 16:03 | Build | Farm |
| 16:46 | Build | Blacksmith |
| 16:57 | Build | Farm |
| 17:02 | Build | Farm |
| 17:29 | Build | Farm |
| 17:38 | Build | Farm |
| 17:53 | Build | Farm |
| 18:06 | Build | Farm |
| 18:12 | Build | Farm |
| 18:17 | Create | Villager (Male) |
| 18:18 | Create | Villager (Male) |
| 18:18 | Create | Villager (Male) |
| 18:18 | Create | Villager (Male) |
| 18:18 | Create | Villager (Male) |
| 18:25 | Build | House |
| 18:25 | Build | House |
| 18:26 | Build | House |
| 18:26 | Build | House |
| 18:26 | Build | House |
| 18:26 | Build | House |
| 18:27 | Build | House |
| 18:27 | Build | House |
| 19:01 | Build | House |
| 19:02 | Build | House |
| 19:04 | Build | House |
| 19:06 | Build | House |
| 19:19 | Create | Villager (Male) |
| 19:20 | Create | Villager (Male) |
| 19:20 | Create | Villager (Male) |
| 19:31 | Build | Building 796 |
| 19:38 | Build | Farm |
| 20:02 | Build | Lumber Camp |
| 20:38 | Build | Market |
| 20:49 | Create | Villager (Male) |
| 20:49 | Create | Villager (Male) |
| 20:50 | Create | Villager (Male) |
| 20:50 | Create | Villager (Male) |
| 21:00 | Build | Mining Camp |
| 21:11 | Build | Farm |
| 21:31 | Build | House |
| 21:32 | Build | House |
| 21:32 | Build | House |
| 21:32 | Build | House |
| 21:33 | Build | House |
| 21:34 | Build | House |
| 21:35 | Build | House |
| 21:35 | Build | House |
| 21:53 | Research | Castle Age |
| 22:05 | Build | Farm |
| 22:45 | Create | Villager (Male) |
| 22:45 | Create | Villager (Male) |
| 22:46 | Create | Villager (Male) |
| 22:46 | Create | Villager (Male) |
| 22:46 | Create | Villager (Male) |
| 22:53 | Build | Stable |
| 22:55 | Build | Stable |
| 23:05 | Create | Villager (Male) |
| 23:05 | Create | Villager (Male) |
| 24:01 | Create | Scout Cavalry |
| 24:02 | Create | Scout Cavalry |
| 24:03 | Create | Scout Cavalry |
| 24:03 | Create | Scout Cavalry |
| 24:03 | Create | Scout Cavalry |
| 24:03 | Create | Scout Cavalry |
| 24:04 | Create | Scout Cavalry |
| 24:18 | Build | Stable |
| 24:25 | Research | Bloodlines |
| 24:30 | Age | Castle Age |
| 24:57 | Create | Knight |
| 24:57 | Create | Knight |
| 24:57 | Create | Knight |
| 24:58 | Create | Knight |
| 25:18 | Create | Knight |
| 25:18 | Create | Knight |
| 25:38 | Create | Knight |
| 25:39 | Create | Knight |
| 25:39 | Create | Knight |
| 25:40 | Create | Knight |
| 25:55 | Create | Knight |
| 26:22 | Create | Knight |
| 26:23 | Create | Knight |
Build order — victor.shultz
First 150 of 308 actions detected
| 0:15 | Create | Villager (Male) |
| 0:16 | Create | Villager (Male) |
| 0:16 | Create | Villager (Male) |
| 0:18 | Build | House |
| 0:23 | Build | House |
| 0:58 | Create | Villager (Male) |
| 1:43 | Create | Villager (Male) |
| 2:03 | Build | Lumber Camp |
| 2:14 | Create | Villager (Male) |
| 2:43 | Create | Villager (Male) |
| 3:20 | Research | Loom |
| 3:41 | Create | Villager (Male) |
| 3:55 | Create | Villager (Male) |
| 4:02 | Create | Villager (Male) |
| 4:20 | Create | Villager (Male) |
| 4:23 | Create | Villager (Male) |
| 4:53 | Build | House |
| 5:46 | Build | Mill |
| 5:56 | Create | Villager (Male) |
| 6:32 | Create | Villager (Male) |
| 7:07 | Create | Villager (Male) |
| 7:42 | Create | Villager (Male) |
| 8:25 | Create | Villager (Male) |
| 8:33 | Create | Villager (Male) |
| 8:37 | Research | Feudal Age |
| 8:59 | Build | Barracks |
| 9:20 | Create | Villager (Male) |
| 10:06 | Create | Villager (Male) |
| 10:09 | Create | Villager (Male) |
| 10:14 | Build | Lumber Camp |
| 10:42 | Build | Palisade Wall |
| 11:00 | Age | Feudal Age |
| 11:05 | Build | Archery Range |
| 11:19 | Create | Villager (Male) |
| 11:30 | Build | Palisade Wall |
| 11:56 | Build | House |
| 12:03 | Create | Archer |
| 12:12 | Build | Lumber Camp |
| 12:27 | Create | Skirmisher |
| 12:27 | Create | Skirmisher |
| 12:39 | Build | Palisade Wall |
| 13:03 | Build | Palisade Wall |
| 13:08 | Build | Building 796 |
| 13:21 | Build | Palisade Wall |
| 13:31 | Create | Skirmisher |
| 13:32 | Create | Skirmisher |
| 14:53 | Create | Skirmisher |
| 15:04 | Build | House |
| 15:07 | Build | Farm |
| 15:08 | Build | Farm |
| 15:11 | Build | House |
| 15:32 | Build | Farm |
| 15:52 | Build | Farm |
| 15:53 | Build | Farm |
| 16:12 | Build | Blacksmith |
| 16:48 | Create | Villager (Male) |
| 16:51 | Create | Villager (Male) |
| 17:03 | Build | Mining Camp |
| 17:08 | Build | House |
| 17:10 | Build | Farm |
| 17:17 | Create | Skirmisher |
| 17:18 | Create | Skirmisher |
| 17:18 | Create | Skirmisher |
| 17:23 | Build | Farm |
| 17:30 | Build | House |
| 17:44 | Build | Farm |
| 18:21 | Create | Villager (Male) |
| 18:26 | Create | Villager (Male) |
| 18:27 | Create | Villager (Male) |
| 18:37 | Create | Villager (Male) |
| 18:50 | Build | Farm |
| 19:20 | Build | Farm |
| 19:31 | Create | Villager (Male) |
| 19:34 | Create | Villager (Male) |
| 20:18 | Create | Villager (Male) |
| 20:59 | Create | Villager (Male) |
| 21:07 | Create | Villager (Male) |
| 21:11 | Build | Mill |
| 21:20 | Build | Farm |
| 21:21 | Build | Farm |
| 21:21 | Build | Farm |
| 21:21 | Build | Farm |
| 21:21 | Build | Farm |
| 21:46 | Build | Farm |
| 21:49 | Build | Farm |
| 22:26 | Build | House |
| 22:28 | Create | Villager (Male) |
| 22:43 | Research | Castle Age |
| 22:43 | Research | Castle Age |
| 23:13 | Research | Double-Bit Axe |
| 23:17 | Research | Horse Collar |
| 23:32 | Build | House |
| 23:53 | Create | Villager (Male) |
| 24:02 | Research | Scale Mail Armor |
| 24:37 | Build | House |
| 24:53 | Create | Villager (Male) |
| 25:05 | Create | Villager (Male) |
| 25:15 | Create | Archer |
| 25:20 | Create | Spearman |
| 25:33 | Age | Castle Age |
| 25:36 | Create | Unit 1974 |
| 25:37 | Create | Unit 1974 |
| 25:52 | Build | Barracks |
| 25:57 | Create | Villager (Male) |
| 26:01 | Create | Villager (Male) |
| 26:02 | Create | Villager (Male) |
| 26:14 | Build | Town Center |
| 27:05 | Research | Pikeman (upgrade) |
| 27:18 | Create | Spearman |
| 27:38 | Create | Spearman |
| 27:41 | Create | Spearman |
| 27:41 | Create | Spearman |
| 27:42 | Create | Spearman |
| 28:02 | Research | Chain Mail Armor |
| 28:41 | Create | Villager (Male) |
| 28:46 | Build | Farm |
| 28:49 | Build | Farm |
| 28:49 | Build | Farm |
| 28:49 | Build | Farm |
| 28:49 | Build | Farm |
| 28:50 | Build | Farm |
| 28:50 | Build | Farm |
| 29:21 | Create | Villager (Male) |
| 29:26 | Create | Villager (Male) |
| 29:27 | Create | Villager (Male) |
| 29:31 | Create | Villager (Male) |
| 29:33 | Create | Villager (Male) |
| 29:55 | Create | Villager (Male) |
| 29:56 | Create | Villager (Male) |
| 30:08 | Create | Spearman |
| 30:08 | Create | Spearman |
| 30:14 | Create | Spearman |
| 30:14 | Create | Spearman |
| 30:15 | Create | Villager (Male) |
| 30:19 | Research | Forging |
| 30:27 | Build | Lumber Camp |
| 30:36 | Build | Palisade Wall |
| 30:54 | Build | Palisade Wall |
| 31:12 | Create | Spearman |
| 31:12 | Create | Spearman |
| 31:12 | Create | Spearman |
| 31:13 | Create | Spearman |
| 31:13 | Create | Spearman |
| 31:13 | Create | Spearman |
| 31:13 | Create | Spearman |
| 31:14 | Create | Spearman |
| 31:17 | Build | House |
| 31:23 | Build | House |
| 31:33 | Build | House |
| 31:35 | Build | House |
Build order — Kevlar Kevin
First 150 of 230 actions detected
| 0:01 | Create | Villager (Male) |
| 0:01 | Create | Villager (Male) |
| 0:01 | Create | Villager (Male) |
| 0:01 | Create | Villager (Male) |
| 0:03 | Build | House |
| 0:04 | Build | House |
| 1:18 | Create | Villager (Male) |
| 1:45 | Create | Villager (Male) |
| 2:06 | Create | Villager (Male) |
| 2:34 | Create | Villager (Male) |
| 2:35 | Create | Villager (Male) |
| 3:08 | Research | Loom |
| 3:32 | Create | Villager (Male) |
| 3:37 | Build | House |
| 4:15 | Create | Villager (Male) |
| 4:35 | Create | Villager (Male) |
| 4:40 | Create | Villager (Male) |
| 4:47 | Build | Mill |
| 5:12 | Create | Villager (Male) |
| 5:32 | Create | Villager (Male) |
| 5:34 | Create | Villager (Male) |
| 5:35 | Create | Villager (Male) |
| 6:04 | Build | Lumber Camp |
| 6:06 | Build | House |
| 7:14 | Research | Feudal Age |
| 7:49 | Build | Mining Camp |
| 8:55 | Build | Barracks |
| 9:10 | Create | Villager (Male) |
| 9:20 | Create | Villager (Male) |
| 9:24 | Age | Feudal Age |
| 9:48 | Build | Archery Range |
| 9:55 | Build | House |
| 10:04 | Create | Villager (Male) |
| 10:14 | Create | Villager (Male) |
| 10:23 | Build | House |
| 10:30 | Create | Archer |
| 10:30 | Create | Archer |
| 10:33 | Create | Villager (Male) |
| 10:44 | Create | Villager (Male) |
| 11:01 | Build | Blacksmith |
| 11:06 | Create | Villager (Male) |
| 11:20 | Create | Archer |
| 11:26 | Build | House |
| 11:38 | Create | Spearman |
| 11:42 | Create | Archer |
| 11:53 | Create | Villager (Male) |
| 12:01 | Research | Fletching |
| 12:35 | Create | Villager (Male) |
| 12:38 | Create | Archer |
| 12:38 | Create | Archer |
| 12:52 | Build | Lumber Camp |
| 12:55 | Create | Villager (Male) |
| 12:56 | Create | Villager (Male) |
| 13:18 | Create | Archer |
| 13:55 | Create | Archer |
| 14:04 | Build | Archery Range |
| 14:04 | Create | Villager (Male) |
| 14:05 | Create | Villager (Male) |
| 14:53 | Create | Villager (Male) |
| 14:53 | Create | Villager (Male) |
| 14:54 | Create | Archer |
| 14:57 | Build | House |
| 14:59 | Build | House |
| 15:00 | Create | Villager (Male) |
| 15:02 | Build | Farm |
| 15:07 | Build | Farm |
| 15:07 | Build | Farm |
| 15:07 | Build | Farm |
| 15:08 | Build | Farm |
| 15:08 | Build | Farm |
| 15:08 | Build | Farm |
| 15:24 | Build | House |
| 15:41 | Research | Padded Archer Armor |
| 15:57 | Build | Farm |
| 15:59 | Build | Farm |
| 16:01 | Build | Farm |
| 16:53 | Build | House |
| 17:04 | Create | Archer |
| 17:04 | Create | Archer |
| 17:05 | Create | Archer |
| 17:05 | Create | Villager (Male) |
| 17:06 | Create | Villager (Male) |
| 17:09 | Build | Farm |
| 17:10 | Build | Farm |
| 17:14 | Build | Farm |
| 17:15 | Build | Farm |
| 17:20 | Build | Farm |
| 17:26 | Build | Farm |
| 17:33 | Build | Farm |
| 17:40 | Build | House |
| 17:48 | Build | House |
| 17:52 | Create | Archer |
| 17:53 | Create | Villager (Male) |
| 17:55 | Build | Farm |
| 18:03 | Research | Double-Bit Axe |
| 18:18 | Create | Villager (Male) |
| 18:30 | Create | Villager (Male) |
| 18:50 | Create | Archer |
| 18:50 | Create | Archer |
| 18:51 | Create | Villager (Male) |
| 18:55 | Build | Farm |
| 19:03 | Research | Horse Collar |
| 19:09 | Build | Farm |
| 19:39 | Create | Villager (Male) |
| 19:40 | Create | Villager (Male) |
| 19:45 | Build | House |
| 19:46 | Build | House |
| 19:52 | Build | Palisade Wall |
| 19:52 | Build | Palisade Wall |
| 19:58 | Create | Archer |
| 19:58 | Create | Villager (Male) |
| 20:01 | Research | Gold Mining |
| 20:54 | Create | Archer |
| 20:54 | Create | Archer |
| 20:55 | Create | Villager (Male) |
| 21:01 | Build | House |
| 21:02 | Build | House |
| 21:04 | Create | Villager (Male) |
| 21:10 | Create | Archer |
| 21:11 | Create | Villager (Male) |
| 21:17 | Build | Farm |
| 21:18 | Build | Farm |
| 21:29 | Build | Farm |
| 21:30 | Build | Farm |
| 21:31 | Build | Farm |
| 21:33 | Build | Farm |
| 21:45 | Build | Outpost |
| 22:26 | Create | Archer |
| 22:27 | Create | Archer |
| 22:35 | Build | House |
| 22:37 | Build | Archery Range |
| 22:39 | Build | House |
| 23:01 | Build | Lumber Camp |
| 23:03 | Research | Castle Age |
| 23:15 | Create | Skirmisher |
| 23:15 | Create | Skirmisher |
| 23:55 | Create | Archer |
| 23:55 | Create | Archer |
| 23:56 | Create | Archer |
| 23:56 | Create | Archer |
| 24:29 | Create | Skirmisher |
| 24:29 | Create | Skirmisher |
| 25:01 | Create | Skirmisher |
| 25:16 | Create | Skirmisher |
| 25:43 | Age | Castle Age |
| 25:59 | Create | Villager (Male) |
| 26:25 | Build | Farm |
| 26:47 | Build | Mining Camp |
| 26:50 | Build | House |
| 26:51 | Build | House |
Match timeline
| 8:30 | RiKa · first_building Barracks |
| 8:55 | Kevlar Kevin · first_building Barracks |
| 8:59 | victor.shultz · first_building Barracks |
| 9:24 | Kevlar Kevin · age_up feudal |
| 9:48 | Kevlar Kevin · first_building Archery Range |
| 9:50 | RiKa · age_up feudal |
| 10:01 | GRANATEN GERDL · wall_segment Palisade Wall x6 |
| 10:10 | GRANATEN GERDL · first_building Barracks |
| 10:14 | Runner · first_building Barracks |
| 10:30 | mehdiplagie · wall_segment Palisade Wall x1 |
| 10:42 | victor.shultz · wall_segment Palisade Wall x9 |
| 10:44 | flaggy flexi · age_up feudal |
| 10:51 | flaggy flexi · first_building Barracks |
| 10:59 | flaggy flexi · wall_segment Palisade Wall x11 |
| 11:00 | victor.shultz · age_up feudal |
| 11:05 | victor.shultz · first_building Archery Range |
| 11:06 | GRANATEN GERDL · wall_segment Palisade Wall x5 |
| 11:19 | Bazooka Bäda · wall_segment Palisade Wall x11 |
| 11:22 | Bazooka Bäda · wall_segment Palisade Wall x11 |
| 11:24 | RiKa · first_building Archery Range |
| 11:29 | Bazooka Bäda · wall_segment Palisade Wall x7 |
| 11:30 | victor.shultz · wall_segment Palisade Wall x1 |
| 11:32 | Bazooka Bäda · wall_segment Palisade Wall x16 |
| 11:35 | GRANATEN GERDL · wall_segment Palisade Wall x15 |
| 11:39 | GRANATEN GERDL · age_up feudal |
| 11:40 | Bazooka Bäda · wall_segment Palisade Wall x9 |
| 11:55 | GRANATEN GERDL · wall_segment Palisade Wall x3 |
| 12:39 | victor.shultz · wall_segment Palisade Wall x1 |
| 12:40 | GRANATEN GERDL · first_building Archery Range |
| 13:02 | Bazooka Bäda · age_up feudal |
| 13:03 | victor.shultz · wall_segment Palisade Wall x4 |
| 13:05 | flaggy flexi · wall_segment Palisade Wall x3 |
| 13:07 | mehdiplagie · age_up feudal |
| 13:21 | victor.shultz · wall_segment Palisade Wall x1 |
| 13:28 | Runner · age_up feudal |
| 13:54 | Bazooka Bäda · first_building Barracks |
| 13:56 | Runner · first_building Archery Range |
| 14:02 | GRANATEN GERDL · wall_segment Palisade Wall x2 |
| 14:38 | mehdiplagie · first_building Barracks |
| 14:53 | flaggy flexi · first_building Stable |
| 14:59 | GRANATEN GERDL · wall_segment Palisade Wall x9 |
| 15:14 | Runner · first_market_buy 100 food |
| 15:20 | Runner · first_market_sell 100 stone |
| 15:24 | flaggy flexi · wall_segment Palisade Wall x19 |
| 15:46 | mehdiplagie · first_building Stable |
| 16:00 | GRANATEN GERDL · wall_segment Palisade Wall x8 |
| 16:25 | flaggy flexi · wall_segment Palisade Wall x9 |
| 17:27 | mehdiplagie · age_up castle |
| 17:29 | flaggy flexi · wall_segment Palisade Wall x7 |
| 17:53 | GRANATEN GERDL · wall_segment Palisade Wall x11 |
| 18:33 | Runner · age_up castle |
| 19:33 | flaggy flexi · age_up castle |
| 19:52 | Kevlar Kevin · wall_segment Palisade Wall x7 |
| 19:52 | Kevlar Kevin · wall_segment Palisade Wall x1 |
| 20:15 | mehdiplagie · first_building Siege Workshop |
| 20:16 | Runner · first_building Siege Workshop |
| 20:23 | GRANATEN GERDL · wall_segment Palisade Wall x3 |
| 20:48 | GRANATEN GERDL · wall_segment Palisade Wall x1 |
| 21:16 | GRANATEN GERDL · age_up castle |
| 21:33 | flaggy flexi · wall_segment Palisade Wall x19 |
| 21:38 | flaggy flexi · wall_segment Palisade Wall x13 |
| 22:38 | GRANATEN GERDL · wall_segment Stone Wall x2 |
| 22:44 | GRANATEN GERDL · wall_segment Stone Wall x1 |
| 22:53 | Bazooka Bäda · first_building Stable |
| 22:55 | GRANATEN GERDL · wall_segment Stone Wall x5 |
| 22:58 | GRANATEN GERDL · wall_segment Stone Wall x5 |
| 23:45 | RiKa · age_up castle |
| 24:20 | GRANATEN GERDL · first_market_buy 100 stone |
| 24:25 | Runner · first_building Castle |
| 24:30 | Bazooka Bäda · age_up castle |
| 25:31 | GRANATEN GERDL · wall_segment Stone Wall x4 |
| 25:33 | victor.shultz · age_up castle |
| 25:43 | Kevlar Kevin · age_up castle |
| 26:31 | mehdiplagie · first_building Castle |
| 26:52 | GRANATEN GERDL · first_building Siege Workshop |
| 27:59 | Kevlar Kevin · first_building Siege Workshop |
| 29:42 | GRANATEN GERDL · wall_segment Stone Wall x5 |
| 30:05 | mehdiplagie · first_market_buy 100 food |
| 30:36 | victor.shultz · wall_segment Palisade Wall x1 |
| 30:44 | GRANATEN GERDL · wall_segment Stone Wall x8 |
| 30:50 | GRANATEN GERDL · wall_segment Stone Wall x8 |
| 30:54 | victor.shultz · wall_segment Palisade Wall x8 |
| 31:08 | RiKa · first_building Castle |
| 31:37 | GRANATEN GERDL · wall_segment Stone Wall x15 |
| 32:20 | Kevlar Kevin · first_building Castle |
| 33:25 | flaggy flexi · first_building Castle |
| 33:32 | RiKa · first_building Siege Workshop |
| 34:22 | mehdiplagie · age_up imperial |
| 34:36 | Bazooka Bäda · first_building Castle |
| 34:44 | Runner · tribute_sent a jugador 1 |
| 34:44 | Runner · tribute_sent a jugador 2 |
| 34:44 | Runner · tribute_sent a jugador 3 |
| 34:44 | Runner · tribute_sent a jugador 4 |
| 34:44 | Runner · tribute_sent a jugador 6 |
| 34:44 | Runner · tribute_sent a jugador 7 |
| 34:44 | Runner · tribute_sent a jugador 8 |
| 34:55 | RiKa · tribute_sent a jugador 1 |
| 34:55 | RiKa · tribute_sent a jugador 2 |
| 34:55 | RiKa · tribute_sent a jugador 4 |
| 34:55 | RiKa · tribute_sent a jugador 5 |
| 34:55 | RiKa · tribute_sent a jugador 6 |
| 34:55 | RiKa · tribute_sent a jugador 7 |
| 34:55 | RiKa · tribute_sent a jugador 8 |
| 36:24 | Runner · tribute_sent a jugador 1 |
| 36:24 | Runner · tribute_sent a jugador 2 |
| 36:24 | Runner · tribute_sent a jugador 3 |
| 36:24 | Runner · tribute_sent a jugador 4 |
| 36:24 | Runner · tribute_sent a jugador 6 |
| 36:24 | Runner · tribute_sent a jugador 7 |
| 36:24 | Runner · tribute_sent a jugador 8 |
| 37:30 | Runner · tribute_sent a jugador 1 |
| 37:30 | Runner · tribute_sent a jugador 2 |
| 37:30 | Runner · tribute_sent a jugador 3 |
| 37:30 | Runner · tribute_sent a jugador 4 |
| 37:30 | Runner · tribute_sent a jugador 6 |
| 37:30 | Runner · tribute_sent a jugador 7 |
| 37:30 | Runner · tribute_sent a jugador 8 |
| 37:50 | RiKa · first_market_buy 100 wood |
| 38:03 | Bazooka Bäda · first_building Monastery |
| 38:30 | Runner · age_up imperial |
| 40:13 | Runner · first_building Monastery |
| 41:03 | GRANATEN GERDL · first_market_sell 100 food |
| 41:05 | flaggy flexi · age_up imperial |
| 41:46 | victor.shultz · first_market_sell 100 stone |
| 42:40 | RiKa · age_up imperial |
| 42:45 | flaggy flexi · wall_segment Stone Wall x10 |
| 42:48 | flaggy flexi · first_building Siege Workshop |
| 43:02 | Bazooka Bäda · first_market_sell 100 food |
| 43:05 | victor.shultz · first_building Monastery |
| 44:33 | GRANATEN GERDL · age_up imperial |
| 44:36 | mehdiplagie · resign |
[ AI ANALYSIS · 1 CREDIT ]
What really happened in this match?
Wolo.gg analyzes every decision: build order, eco, micro, common mistakes by bracket. Personalized analysis on WhatsApp or Discord in 30 seconds.
Civ guide
Gurjaras
Map guide
MegaRandom
Perfil
flaggy flexi